 Dungeon Crawl Stone Soup version 0.28-a0-1347-g113dc556a4 (webtiles) character file.

Game seed: 5498220099655215282

218568 wakim the Worldbinder (level 17, -3/81 HPs)
             Began as a Felid Summoner on Dec 28, 2021.
             Was an Initiate of Gozag.
             Killed from afar by an ironbound thunderhulk (53 damage)
             ... with a bolt of lightning
             ... on level 3 of the Vaults on Dec 29, 2021.
             The game lasted 05:09:29 (77524 turns).

wakim the Worldbinder (Felid Summoner)             Turns: 77524, Time: 05:09:29

Health: -3/81      AC:  3    Str:  4    XL:     17   Next: 98%
Magic:  34/45      EV: 34    Int: 23    God:    Gozag
Gold:   4674       SH:  0    Dex: 24    Spells: 2/45 levels left
                                        Lives:  0   Deaths: 5

rFire   + . .      SeeInvis +     - Unarmed
rCold   + + .      Faith    .   (shield unavailable)
rNeg    . . .      Spirit   .   (armour unavailable)
rPois   .          Reflect  .   (helmet unavailable)
rElec   .          Harm     .   (cloak unavailable)
rCorr   .          Rampage  .   (gloves unavailable)
Will    ++++.                   (boots unavailable)
Stlth   +++.......              o - amulet of magic regeneration
HPRegen 0.23/turn               P - ring "Koilul" {rF+ Will++ Dex+6}
MPRegen 0.69/turn               q - ring of Hutrif {rC+ MP+9 Slay+3}

@: studying Air Magic, quick
A: very small, claws 1, fangs 3, see invisible, speed 1, shaggy fur 3, stealthy
paws, no weapons or thrown items, no armour, multi-lived
}: 2/15 runes: barnacled, gossamer
a: Renounce Religion, Potion Petition, Call Merchant, Bribe Branch


You were on level 3 of the Vaults.
You worshipped Gozag.
Gozag was most pleased with you.
You visited 7 branches of the dungeon, and saw 35 of its levels.
You visited 1 bazaar.
You also visited: Sewer, Ice Cave and Volcano.

You collected 15675 gold pieces.
You spent 4725 gold pieces at shops.
You paid 6276 gold pieces to Gozag.

Inventory:

Jewellery
 c - a ring of protection from fire
 d - a ring of positive energy
 e - a ring of poison resistance
 f - the amulet "Cumoem" {Acrobat rC+ Str+3}
   (You found it on level 10 of the Dungeon)

   [amulet of the acrobat]

   It increases your evasion while moving and waiting.
   Str:       It affects your strength (+3).
   rC:        It protects you from cold.
 g - a ring of flight
 i - a ring of wizardry
 k - an amulet of reflection
 l - a ring of wizardry
 o - an amulet of magic regeneration (around neck)
 p - the amulet of the Princess {Acrobat Contam rPois rCorr}
   (You found it on level 4 of the Lair of Beasts)

   [amulet of the acrobat]

   It increases your evasion while moving and waiting.
   rPois:     It protects you from poison.
   Contam:    It causes magical contamination when unequipped.
   rCorr:     It protects you from acid and corrosion.
 q - the ring of Hutrif (right paw) {rC+ MP+9 Slay+3}
   (You found it on level 3 of the Lair of Beasts)

   [ring of magical power]

   Slay:      It affects your accuracy & damage with ranged weapons and melee
   (+3).
   rC:        It protects you from cold.
   MP:        It affects your magic capacity (+9).
 P - the ring "Koilul" (left paw) {rF+ Will++ Dex+6}
   (You acquired it on level 11 of the Dungeon)

   [ring of dexterity]

   Dex:       It affects your dexterity (+6).
   rF:        It protects you from fire.
   Will:      It greatly increases your willpower.
 X - the ring "Podo" {Will+ AC+4 Dex+4}
   (You took it off an ironbound convoker on level 2 of the Vaults)

   [ring of protection]

   AC:        It affects your AC (+4).
   Dex:       It affects your dexterity (+4).
   Will:      It increases your willpower.
Wands
 b - a wand of charming (8)
 h - a wand of acid (19)
 t - a wand of digging (9)
 u - a wand of mindburst (22)
 v - a wand of flame (10)
 x - a wand of iceblast (18)
 y - a wand of paralysis (14)
 z - a wand of polymorph (9)
Scrolls
 j - 2 scrolls of amnesia
 r - 20 scrolls of identify
 s - 3 scrolls of torment {!r}
 Q - 4 scrolls of immolation {!r!r}
 R - 7 scrolls of magic mapping {!r}
 S - 3 scrolls of summoning
 T - 11 scrolls of teleportation
 U - 5 scrolls of fear
 V - 7 scrolls of vulnerability {!r!r}
 W - a scroll of holy word
 Y - 8 scrolls of blinking {!r}
 Z - 4 scrolls of silence {!r}
Potions
 A - 9 potions of ambrosia
 B - 3 potions of attraction {!q}
 C - 3 potions of berserk rage {!q}
 D - 5 potions of brilliance
 E - 2 potions of cancellation
 F - 13 potions of curing
 G - 10 potions of flight
 H - a potion of haste
 I - 5 potions of invisibility
 J - 7 potions of heal wounds
 K - 5 potions of magic
 L - 7 potions of lignification {!q}
 M - 5 potions of mutation {!q}
 N - 7 potions of might
 O - 2 potions of resistance
Miscellaneous
 m - a phantom mirror
 n - a box of beasts
 w - a phial of floods


   Skills:
 + Level 12.5 Fighting
 + Level 15.7 Dodging
 - Level 2.6 Stealth
 + Level 3.4 Unarmed Combat
 + Level 14.8 Spellcasting
 - Level 5.0 Hexes
 - Level 25.0 Summonings
 - Level 12.0 Translocations
 + Level 7.7 Transmutations
 * Level 11.4 Air Magic


You had 2 spell levels left.
You knew the following spells:

 Your Spells              Type           Power      Damage    Failure   Level
a - Summon Hydra          Summ           46%        N/A       1%          7
b - Dragon's Call         Summ           46%        N/A       12%         9
d - Summon Forest         Summ/Tloc      40%        N/A       1%          5
e - Dispersal             Tloc           32%        N/A       3%          6
f - Yara's Violent Unrav  Hex/Tmut       23%        3d10      7%          5
g - Airstrike             Air            31%        N/A       1%          4
s - Swiftness             Air            63%        N/A       1%          3
z - Summon Lightning Spi  Summ/Air       79%        N/A       1%          4

Your spell library contained the following spells:

 Spells                   Type           Power      Damage    Failure   Level
 Summon Small Mammal      Summ           100%       N/A       0%          1
 Call Imp                 Summ           93%        N/A       0%          2
 Apportation              Tloc           100%       N/A       1%          1
 Beastly Appendage        Tmut           100%       N/A       1%          1
 Shock                    Conj/Air       100%       1d9       1%          1
 Passwall                 Tmut/Erth      28%        N/A       1%          2
 Static Discharge         Conj/Air       43%        N/A       1%          2
 Wereblood                Tmut           52%        N/A       1%          2
 Animate Skeleton         Necr           34%        N/A       3%          1
 Pain                     Necr           68%        1d7       3%          1
 Sublimation of Blood     Necr           17%        N/A       5%          2
 Call Canine Familiar     Summ           93%        N/A       0%          3
 Gell's Gravitas          Tloc           64%        N/A       1%          3
 Lesser Beckoning         Tloc           64%        N/A       1%          3
 Spider Form              Tmut/Pois      34%        N/A       1%          3
 Summon Guardian Golem    Hex/Summ       72%        N/A       1%          3
 Teleport Other           Tloc           64%        N/A       1%          3
 Tukima's Dance           Hex            40%        N/A       1%          3
 Passage of Golubria      Tloc           64%        N/A       1%          4
 Manifold Assault         Tloc           64%        N/A       1%          5
 Malign Gateway           Summ/Tloc      40%        N/A       1%          7
 Dazzling Flash           Conj/Hex       56%        N/A       3%          3
 Silence                  Hex/Air        26%        N/A       3%          5
 Cause Fear               Hex            20%        N/A       4%          4
 Petrify                  Tmut/Erth      34%        N/A       7%          4
 Lightning Bolt           Conj/Air       21%        1d36      9%          5
 Conjure Flame            Conj/Fire      17%        6-21      11%         3
 Vampiric Draining        Necr           17%        2d7       11%         3
 Spellforged Servitor     Conj/Summ      32%        N/A       17%         7
 Alistair's Intoxication  Tmut/Pois      22%        N/A       19%         5
 Irradiate                Conj/Tmut      17%        3d19      19%         5
 Freezing Cloud           Conj/Ice/Air   17%        6-21      21%         5
 Animate Dead             Necr           8%         N/A       34%         4
 Hailstorm                Conj/Ice       17%        3d6       34%         4
 Olgreb's Toxic Radiance  Pois           17%        N/A       34%         4
 Agony                    Necr           17%        N/A       67%         5
 Borgnjor's Vile Clutch   Necr/Erth      8%         N/A       67%         5
 Fireball                 Conj/Fire      8%         3d6       67%         5
 Iskenderun's Battlesphe  Conj           17%        2d7       67%         5
 Eringya's Noxious Bog    Tmut/Pois      17%        N/A       71%         6
 Dragon Form              Tmut           26%        N/A       75%         7
 Disjunction              Tloc           32%        N/A       86%         8
 Maxwell's Capacitive Co  Air            31%        ∞         90%         8
 Death Channel            Necr           8%         N/A       99%         6
 Iron Shot                Conj/Erth      8%         9d3       99%         6
 Starburst                Conj/Fire      8%         6d4       99%         6
 Ozocubu's Refrigeration  Ice            8%         4d6       100%        7
 Ignition                 Fire           8%         3d5       100%        8


Dungeon Overview and Level Annotations

Branches:
Dungeon (15/15)            Temple (1/1) D:6            Lair (6/6) D:11
 Shoals (4/4) Lair:2       Spider (4/4) Lair:2        Slime (0/5) Lair:6
    Orc (2/2) D:11            Elf (0/3) Orc:2        Vaults (3/5) D:13
  Crypt (0/3) Vaults:2     Depths (0/4) D:15          Sewer (visited)
  IceCv (visited)         Volcano (visited)

Altars:
Cheibriados
Elyvilon
Fedhas
Gozag
Hepliaklqana
Makhleb
Okawaru
Trog
Uskayaw
Xom
Yredelemnul
Zin
The Shining One
Beogh

Shops:
D:5 (   D:10 *   D:11 ?   D:14 (   Orc:2 ??**   Lair:2 :   Lair:5 =
Shoals:2 [   Vaults:2 (   Vaults:3 (

Portals:
Trove: D:10 (give 7 potions of haste)

Annotations:
Lair:6 2 runed translucent doors
Shoals:2 Ilsuiw
Shoals:3 Roxanne
Orc:2 2 transporters, Ibis19's ghost, journeyman MiBe


Innate Abilities, Weirdness & Mutations

You have sharp claws.
You have razor-sharp teeth.
You have supernaturally acute eyesight. (SInv)
You cover ground quickly. (Speed+)
Your thick and shaggy fur keeps you warm. (AC +3, rC+)
Your paws help you pounce on unaware monsters.
You are incapable of wielding weapons or throwing items.
You cannot wear armour.
You gain extra lives every three experience levels.


Message History

HP restored.
You climb downwards.
There is a stone staircase leading up here.
There is an open door here.
The ironbound thunderhulk hits you with a +0 dire flail.
You scratch the ironbound thunderhulk.
You bite the ironbound thunderhulk, but do no damage.
The ironbound thunderhulk is lightly wounded.
The ironbound thunderhulk hits you with a +0 dire flail!
Unknown command.
Casting: Airstrike (safe; 1% risk of failure)
Confirm with . or Enter, or press ? or * to list all spells.
The spell is quite dangerous to miscast (12% risk of failure)!
Continue anyway?
Okay, then.
Casting: Dragon's Call (quite dangerous; 12% risk of failure)
Confirm with . or Enter, or press ? or * to list all spells.
A four-headed hydra appears.
The ironbound thunderhulk closely misses you.
Casting: Summon Hydra (dangerous; 1% risk of failure)
Confirm with . or Enter, or press ? or * to list all spells.
An eight-headed hydra appears.
The ironbound thunderhulk misses you. What are your orders? t - Meow!
Orders for allies: a - Attack new target. r - Retreat! s - Stop attacking. g - Guard the area. f - Follow me.
Anything else - Cancel.
Gang up on whom?
Press: ? - help, Dir - move target, f - ironbound thunderhulk
Aim: an ironbound thunderhulk, wielding a +0 dire flail and wearing a +0 scale mail (ally target) Attack!
Strange energies crackle from the ironbound thunderhulk's apparatus.
The ironbound thunderhulk blinks!
Electricity crackles from the ironbound thunderhulk's apparatus.
The bolt of lightning hits you!
Electricity crackles from the ironbound thunderhulk's apparatus.
The bolt of lightning hits you!!!
Ouch! That really hurt!
You die...
Your body crumbles into a pile of gold.

...,#.......#.[..........#
...,#.......#............#
....#.......#............#
....#..<....#............#
....#.......'............#
....#########............#
........∩........D.......#
......................[..#
................@..[[....#
................D....=...#
....................[....#
..............)...O......#
.........................#
########+#######+####....#
,,* *,,**,,**,,**#....#
,,* *,,,,****,,,,#....#
,,* *,,**,,**,,**#....#


You could see an ironbound thunderhulk (ally target), a friendly eight-headed
hydra (summoned) and a friendly four-headed hydra (summoned).

Vanquished Creatures
  2 vault sentinels (Vaults:2)
  A cane toad (Lair:4)
  A blink frog (Lair:2)
  A basilisk (Lair:6)
  3 electric eels
  2 endoplasms
  A goblin (D:2)
  A ball python (Sewer)
  A bat (D:2)
  A rat (D:3)
14 creatures vanquished.

Vanquished Creatures (collateral kills)
  Saint Roka (Orc:2)
  Rupert (D:13)
  Jorgrun (D:12)
  Gastronok (D:9)
  A tengu reaver (Vaults:2)
  Donald (Shoals:3)
  Kirke (D:13)
  The ghost of Yorgos the Executioner, an adept GrBe of Trog (Spider:4)
  A fire giant (Vaults:2)
  6 emperor scorpions (Spider:4)
  7 ghost moths
  5 vault wardens
  Louise (Spider:4)
  A frost giant (D:15)
  7 ironbound preservers
  3 very ugly things (Vaults:2)
  2 war gargoyles (Vaults:2)
  2 broodmothers
  6 ironbound thunderhulks
  A vampire knight (Vaults:2)
  Nessos (D:14)
  8 dire elephants
  4 entropy weavers
  3 spark wasps
  The ghost of Arashih the Bludgeoner, a journeyman GrFi of Zin (D:13)
  7 merfolk javelineers
  7 merfolk impalers
  8 yaktaur captains
  A rakshasa (D:15)
  5 vault guards
  The ghost of bmj180 the Cutter, a journeyman DrCj of Vehumet (D:10)
  11 boulder beetles
  A peacekeeper (Vaults:2)
  10 hydras
  2 ogre magi
  2 alligator snapping turtles
  6 ironbound frosthearts
  2 jorogumos
  3 merfolk aquamancers (Shoals:4)
  2 merfolk avatars
  2 caustic shrike simulacra (IceCv)
  5 radroaches
  17 centaur warriors
  The ghost of qborf the Destroyer, a novice DgCj (D:9)
  2 death knights
  15 two-headed ogres
  10 death yaks
  2 tengu warriors (D:15)
  2 catoblepae
  2 death scarabs
  An anaconda (shapeshifter) (D:13)
  2 satyrs (Shoals:2)
  A dancing weapon (D:10)
  3 orc high priests (Orc:2)
  A hell knight (Volcano)
  Sonja (Lair:2)
  A sun moth (Spider:4)
  3 pharaoh ants
  15 deep trolls
  A flayed ghost (Vaults:1)
  5 steelbarb worms
  10 sea snakes
  6 bog bodies
  7 orc knights
  11 orb spiders
  9 ironbound convokers
  2 obsidian statues (IceCv)
  9 wizards
  4 deep elf pyromancers
  9 lindwurms
  2 phantasmal warriors (Vaults:2)
  23 wolf spiders
  34 ugly things
  18 harpies
  4 orc sorcerers
  22 manticores
  16 fauns
  10 elephants
  5 cyclopes
  A moth of wrath (Spider:4)
  5 water nymphs
  4 black mambas
  10 merfolk sirens
  3 molten gargoyles (Lair:6)
  A black mamba (shapeshifter) (D:13)
  2 gargoyles (D:11)
  4 torpor snails
  4 vault sentinels
  12 cane toads
  8 freezing wraiths
  22 komodo dragons
  28 yaktaurs
  3 efreet
  5 demonic crawlers
  A komodo dragon (shapeshifter) (D:13)
  4 rime drakes
  2 entropy weaver simulacra (Spider:2)
  3 golden dragon simulacra (IceCv)
  An anaconda simulacrum (Spider:2)
  An ice devil (IceCv)
  2 tengu conjurers (D:14)
  12 trolls
  27 merfolk
  12 meliai
  A queen bee (Lair:1)
  20 tarantellas
  Grinder (D:3)
  28 blink frogs
  5 wind drakes
  6 nameless horrors
  32 slime creatures
  9 snapping turtles
  A hornet (shapeshifter) (D:15)
  A hornet (D:11)
  20 dream sheep
  3 meliai zombies
  25 jumping spiders
  A jumping spider (shapeshifter) (D:13)
  9 wraiths
  6 shadows
  8 water elementals
  20 culicivoras
  5 wyverns
  3 vampires (Vaults:2)
  6 fire bats (Volcano)
  59 yaks
  Eustachio (D:5)
  10 basilisks
  4 hogs (D:13)
  Grum (D:8)
  8 vampire mosquitoes
  44 redbacks
  5 steam dragons
  A harpy simulacrum (Spider:2)
  2 minotaur simulacra (Spider:2)
  2 wargs
  3 swamp worms (Lair:3)
  18 water moccasins
  4 hell hounds (Lair:6)
  3 alligator simulacra
  20 orc warriors
  A black bear (Lair:3)
  An ice beast (D:7)
  4 ogres
  A boggart (D:11)
  3 necrophages
  28 wolves
  5 ettin simulacra (IceCv)
  16 centaurs
  A phantom (D:4)
  A kobold brigand (D:7)
  12 bullfrogs
  2 deep troll simulacra (IceCv)
  2 scorpions
  A gnoll sergeant (D:10)
  A wyvern skeleton (D:6)
  27 killer bees
  7 wights (D:8)
  5 howler monkeys
  An electric eel (D:13)
  13 lava snakes
  9 centaur zombies
  2 gnoll shamans
  A hound (D:7)
  17 jellies
  12 orc priests
  A centaur skeleton (D:5)
  An iguana (D:7)
  18 orc wizards
  2 hound zombies
  A hound skeleton (D:4)
  15 gnolls
  11 adders
  7 river rats
  A shadow imp (D:5)
  4 white imps
  An ufetubus (D:5)
  An adder skeleton (D:4)
  8 worms
  3 dart slugs
  49 orcs
  12 bats
  4 endoplasms
  4 giant cockroaches
  8 goblins
  4 hobgoblins
  A jackal (Sewer)
  9 kobolds
  6 quokkas
  11 ball pythons
  2 frilled lizards
  5 rats
  2 bushes
1364 creatures vanquished.

Vanquished Creatures (others)
  Josephine (D:10)
  3 hydras (Lair:4)
  Harold (D:9)
  A two-headed ogre (Volcano)
  4 death yaks (Lair:4)
  2 black mambas (Lair:4)
  A rime drake (Lair:4)
  A komodo dragon (Lair:4)
  A dream sheep (Lair:4)
  A jumping spider (Spider:4)
  A culicivora (Spider:4)
  4 yaks (D:6)
  A wraith (D:12)
  A vampire mosquito (D:12)
  Menkaure (D:5)
  An acid dragon (D:9)
  An ice beast (D:5)
  An ettin simulacrum (IceCv)
  2 centaurs (D:9)
  Blork the orc (D:5)
  A wyvern skeleton (D:5)
  A killer bee (D:9)
  An orc priest (Orc:2)
  An orc (Orc:2)
  A bush (Lair:4)
  42 fungi
  134 plants
  24 snaplasher vines
235 creatures vanquished.

Grand Total: 1613 creatures vanquished

Notes
Turn   | Place    | Note
-------+----------+-------------------------------------------
     0 | D:1      | wakim the Felid Summoner began the quest for the Orb.
     0 | D:1      | Reached XP level 1. HP: 7/7 MP: 4/4
   343 | D:1      | Reached XP level 2. HP: 11/11 MP: 1/6
   778 | D:1      | Learned a level 2 spell: Call Imp
  1472 | D:2      | Reached XP level 3. HP: 14/14 MP: 5/8
  1604 | D:2      | Learned a level 3 spell: Call Canine Familiar
  2055 | D:2      | Reached XP level 4. HP: 18/18 MP: 0/9
  2260 | D:2      | Reached skill level 5 in Summonings
  2409 | D:2      | Learned a level 3 spell: Summon Guardian Golem
  2744 | D:3      | Noticed Grinder
  2963 | D:3      | Reached XP level 5. HP: 21/21 MP: 11/11
  3556 | D:4      | Noticed a phantom
  3638 | D:4      | Killed a phantom
  3639 | D:4      | Reached skill level 6 in Summonings
  3639 | D:4      | Gained mutation: You are covered in thick fur. (AC +2)
                  | [Felid growth]
  3639 | D:4      | Reached XP level 6. HP: 24/24 MP: 7/13
  3800 | D:4      | Found a glowing drain.
  3816 | Sewer    | Entered a sewer
  4489 | Sewer    | Learned a level 4 spell: Summon Lightning Spire
  5300 | D:4      | Reached skill level 1 in Hexes
  5300 | D:4      | Reached skill level 7 in Summonings
  5640 | D:5      | Entered Level 5 of the Dungeon
  5793 | D:5      | Noticed Blork the orc
  5825 | D:5      | Killed Blork the orc
  5826 | D:5      | Reached XP level 7. HP: 27/27 MP: 11/14
  5879 | D:5      | Noticed Menkaure
  5905 | D:5      | Killed Menkaure
  6145 | D:5      | Found Sapizar's Antique Weapon Boutique.
  6308 | D:5      | Reached skill level 5 in Hexes
  6538 | D:5      | Reached skill level 8 in Summonings
  6768 | D:5      | Noticed Eustachio
  6998 | D:5      | Killed Eustachio
  6999 | D:5      | Reached skill level 9 in Summonings
  6999 | D:5      | Reached XP level 8. HP: 31/31 MP: 8/15
  7335 | D:5      | Found a white marble altar of Elyvilon.
  7342 | D:5      | Found a snail-covered altar of Cheibriados.
  7628 | D:6      | Reached skill level 10 in Summonings
  7634 | D:6      | Reached skill level 11 in Summonings
  7706 | D:6      | Reached XP level 9. HP: 34/34 MP: 11/16
  7953 | D:6      | Found a staircase to the Ecumenical Temple.
  7960 | Temple   | Entered the Ecumenical Temple
  8214 | Temple   | Became a worshipper of Gozag Ym Sagoz the Greedy
  8350 | D:6      | Learned a level 3 spell: Swiftness
  8457 | D:6      | Reached skill level 1 in Air Magic
  9268 | D:7      | Reached skill level 12 in Summonings
  9594 | D:7      | Engulfed by a steam dragon's steam
  9595 | D:7      | Reached XP level 8. HP: 1/31 MP: 10/15
  9632 | D:8      | Noticed Grum
  9747 | D:8      | Killed Grum
  9786 | D:8      | Reached XP level 9. HP: 34/34 MP: 0/16
  9992 | D:8      | You fall into a shaft and drop 3 floors!
 10018 | D:10     | Entered Level 10 of the Dungeon
 10032 | D:10     | Found Faosuedi's Mayhem Merchandise.
 10451 | D:9      | Reached skill level 5 in Air Magic
 10680 | D:9      | Found a transporter.
 10681 | D:9      | Noticed a two-headed ogre
 10681 | D:9      | Noticed a two-headed ogre
 10681 | D:9      | Noticed qborf's ghost (novice DgCj)
 10682 | D:9      | Noticed Harold
 10739 | D:9      | Killed Harold
 10740 | D:9      | Reached skill level 13 in Summonings
 10813 | D:9      | Noticed a two-headed ogre
 10814 | D:9      | Noticed a two-headed ogre
 10815 | D:9      | Identified the +5 great mace of Severance {pain, SInv}
 10815 | D:9      | Identified the +7 great mace of Diet Blood {venom, rF+
                  | rCorr}
 10815 | D:9      | Noticed a two-headed ogre
 11008 | D:9      | Reached skill level 1 in Fighting
 11314 | D:9      | Noticed a cyclops
 11452 | D:8      | Reached XP level 10. HP: 28/39 MP: 12/17
 11930 | D:10     | Noticed Josephine
 11951 | D:10     | Killed Josephine
 11974 | D:10     | Noticed Gastronok
 12224 | D:10     | Noticed an orc knight
 12247 | D:10     | Killed an orc knight
 12344 | D:10     | Noticed a two-headed ogre
 12349 | D:10     | Reached skill level 5 in Dodging
 12597 | D:10     | Noticed an ogre mage
 12641 | D:10     | Killed an ogre mage
 12782 | D:10     | Identified the amulet "Cumoem" {Acrobat rC+ Str+3}
 12841 | D:10     | Noticed a centaur warrior
 12846 | D:10     | Shot with an arrow by a centaur warrior
 12847 | D:10     | Reached XP level 9. HP: -2/38 MP: 16/16
 12875 | D:10     | Killed a centaur warrior
 12876 | D:10     | Reached XP level 10. HP: 9/42 MP: 1/17
 13090 | D:10     | Identified the +5 plate armour "Ydeuhi" {Rampage rElec}
 13356 | D:10     | Noticed a deep elf pyromancer
 13368 | D:10     | Killed a two-headed ogre
 13393 | D:10     | Got the Reference Book on Battle Magic
 13489 | D:10     | Found a runed translucent door.
 13489 | D:10     | Found a shimmering altar of Xom.
 13490 | D:10     | Noticed bmj180's ghost (journeyman DrCj)
 13490 | D:10     | Noticed a +1 morningstar of chaos
 13690 | D:10     | Killed a deep elf pyromancer
 13920 | D:10     | Noticed a rakshasa
 14162 | D:3      | Killed Grinder
 14576 | D:11     | Noticed a two-headed ogre
 14584 | D:11     | Killed a two-headed ogre
 14585 | D:11     | Reached skill level 14 in Summonings
 14753 | D:11     | Reached XP level 11. HP: 46/46 MP: 16/18
 14763 | D:11     | Found a staircase to the Lair.
 15069 | D:11     | Identified a scroll of acquirement
 15070 | D:11     | Acquired the ring "Koilul" {rF+ Will++ Dex+6}
 15126 | D:11     | Reached skill level 5 in Fighting
 15163 | D:11     | Found a staircase to the Orcish Mines.
 15555 | D:11     | Noticed a two-headed ogre
 15583 | D:11     | Killed a two-headed ogre
 16008 | D:11     | Noticed a two-headed ogre
 16022 | D:11     | Killed a two-headed ogre
 16051 | D:11     | Noticed a red ugly thing
 16058 | D:11     | Killed a red ugly thing
 16517 | D:11     | Reached skill level 10 in Air Magic
 16872 | D:11     | Identified the +4 ring mail of Fiaho {Dex+4}
 17041 | D:11     | Noticed a two-headed ogre
 17098 | D:11     | Killed a two-headed ogre
 17250 | D:11     | Gained mutation: Your thick and shaggy fur keeps you warm.
                  | (AC +3, rC+) [Felid growth]
 17250 | D:11     | Reached XP level 12. HP: 47/53 MP: 15/19
 17421 | D:11     | Noticed a death knight
 17456 | D:11     | Killed a death knight
 17577 | Lair:1   | Entered Level 1 of the Lair of Beasts
 17595 | Lair:1   | Noticed a five-headed hydra
 17641 | Lair:1   | Killed a five-headed hydra
 17768 | Lair:1   | Reached skill level 10 in Dodging
 17805 | Lair:1   | You fall into a shaft and drop 1 floor!
 18071 | Lair:1   | Reached skill level 5 in Spellcasting
 18253 | Lair:1   | Reached skill level 15 in Summonings
 19349 | Lair:1   | Noticed a death yak
 19485 | Lair:1   | Killed a death yak
 19648 | Lair:1   | Learned a level 7 spell: Summon Hydra
 19712 | Lair:2   | Noticed a six-headed hydra
 19721 | Lair:2   | Killed a six-headed hydra
 19821 | Lair:2   | Noticed Sonja
 19828 | Lair:2   | Killed Sonja
 19848 | Lair:2   | Found a hole to the Spider Nest.
 19914 | Lair:2   | Reached XP level 13. HP: 52/59 MP: 17/23
 19980 | Lair:2   | Learned a level 4 spell: Passage of Golubria
 20111 | Lair:2   | Reached skill level 1 in Translocations
 20301 | Lair:2   | Found a staircase to the Shoals.
 21640 | Lair:2   | Bought a manual of Air Magic for 960 gold pieces
 21640 | Lair:2   | Bought a book of the Warp for 384 gold pieces
 21640 | Lair:2   | Bought a Fen Folio for 504 gold pieces
 21678 | Lair:2   | Reached skill level 5 in Translocations
 24253 | Lair:3   | Identified the ring of Hutrif {rC+ MP+9 Slay+3}
 24510 | Lair:4   | Reached skill level 16 in Summonings
 26052 | Lair:4   | Reached XP level 14. HP: 65/65 MP: 26/26
 26864 | Lair:4   | Reached skill level 10 in Fighting
 26932 | Lair:4   | Identified the amulet of the Princess {Acrobat Contam rPois
                  | rCorr}
 27292 | Lair:4   | Learned a level 5 spell: Summon Forest
 28700 | Lair:2   | Bought a book of the Dragon for 552 gold pieces
 28808 | Lair:6   | Entered Level 6 of the Lair of Beasts
 29234 | Lair:6   | Reached skill level 10 in Translocations
 29299 | Lair:6   | Found a staircase to the Slime Pits.
 30393 | Lair:6   | Reached skill level 17 in Summonings
 30776 | Lair:6   | Reached XP level 15. HP: 71/71 MP: 28/28
 31042 | Lair:6   | Learned a level 6 spell: Dispersal
 31782 | Lair:6   | Found a large runed translucent door.
 31783 | Lair:6   | Found a large runed translucent door.
 32683 | D:12     | Noticed Jorgrun
 32745 | D:11     | Bought a scroll of blinking for 97 gold pieces
 32745 | D:11     | Bought a scroll of magic mapping for 45 gold pieces
 33230 | D:12     | Killed Jorgrun
 34119 | D:10     | Found a portal to a secret trove of treasure.
 34459 | D:9      | Killed Gastronok
 34555 | D:9      | Found a transporter.
 34714 | D:9      | Killed qborf's ghost
 34715 | D:9      | Reached skill level 10 in Spellcasting
 34882 | D:10     | Killed bmj180's ghost
 35250 | D:13     | Noticed Rupert
 35266 | D:13     | Killed Rupert
 35476 | D:13     | Found a runed translucent gate.
 35477 | D:13     | Found a runed translucent gate.
 35497 | D:13     | Found a runed translucent gate.
 35568 | D:13     | Found an opulent altar of Gozag.
 35582 | D:13     | Noticed Arashih's ghost (journeyman GrFi)
 35608 | D:13     | Noticed Kirke
 35617 | D:13     | Killed Kirke
 36135 | D:13     | Found a gate to the Vaults.
 36692 | Orc:1    | Entered Level 1 of the Orcish Mines
 36860 | Orc:1    | Found a dark tunnel.
 36872 | Volcano  | Entered a volcano
 37362 | Volcano  | Found a burning altar of Makhleb.
 37600 | Orc:1    | Upgraded the game from 0.28-a0-1339-ga5422284a4 to
                  | 0.28-a0-1347-g113dc556a4
 37603 | Orc:2    | Entered Level 2 of the Orcish Mines
 37625 | Orc:2    | Found a staircase to the Elven Halls.
 37843 | Orc:2    | Noticed Saint Roka
 38712 | Orc:2    | Found a transporter.
 38729 | Orc:2    | Reached skill level 18 in Summonings
 38729 | Orc:2    | Reached XP level 16. HP: 76/76 MP: 32/32
 38757 | Orc:2    | Killed Saint Roka
 39023 | Orc:2    | Found a transporter.
 39162 | Orc:2    | Found Guriofub's Magic Scroll Boutique.
 39162 | Orc:2    | Found Ysiar's General Store.
 39164 | Orc:2    | Found Isupisis's Magic Scroll Boutique.
 39164 | Orc:2    | Found Paolim's Assorted Antiques.
 39170 | Orc:2    | Bought a scroll of teleportation for 42 gold pieces
 39170 | Orc:2    | Bought a scroll of magic mapping for 49 gold pieces
 39170 | Orc:2    | Bought a scroll of summoning for 133 gold pieces
 39172 | Orc:2    | Bought a scroll of fear for 42 gold pieces
 39172 | Orc:2    | Bought a scroll of summoning for 114 gold pieces
 39172 | Orc:2    | Bought a scroll of teleportation for 36 gold pieces
 39173 | Orc:2    | Bought a potion of curing for 96 gold pieces
 39173 | Orc:2    | Bought a scroll of blinking for 240 gold pieces
 39173 | Orc:2    | Bought a scroll of teleportation for 96 gold pieces
 39175 | Orc:2    | Bought 2 potions of heal wounds for 120 gold pieces
 39178 | Orc:2    | Bought a scroll of magic mapping for 42 gold pieces
 39178 | Orc:2    | Bought a scroll of magic mapping for 42 gold pieces
 39178 | Orc:2    | Bought a scroll of amnesia for 42 gold pieces
 39181 | Orc:2    | Bought a scroll of magic mapping for 49 gold pieces
 39273 | Orc:2    | Noticed Ibis19's ghost (journeyman MiBe)
 39357 | Orc:1    | Found a runed translucent door.
 40070 | Orc:1    | Acquired the Incunabulum of Hurtful Orientation
 40186 | D:13     | Killed Arashih's ghost
 40409 | D:13     | Reached skill level 1 in Transmutations
 40879 | D:14     | Found Poplutes's Antique Weapon Shoppe.
 41356 | D:14     | Found a glowing golden altar of the Shining One.
 42040 | D:14     | Noticed Nessos
 42050 | D:14     | Killed Nessos
 42376 | D:15     | Entered Level 15 of the Dungeon
 44083 | D:15     | Found a staircase to the Depths.
 44233 | D:15     | Found a glowing silver altar of Zin.
 44233 | D:15     | Found a glowing golden altar of the Shining One.
 44234 | D:15     | Found a white marble altar of Elyvilon.
 44393 | Lair:1   | Identified the +5 war axe of Destiny {drain, Int+2}
 44419 | Shoals:1 | Entered Level 1 of the Shoals
 44595 | Shoals:1 | Reached skill level 19 in Summonings
 45599 | Shoals:2 | Found Nibruqul's Antique Armour Emporium.
 45600 | Shoals:2 | Shot with a sling bullet by a faun
 45601 | Shoals:2 | Reached XP level 15. HP: -10/72 MP: 32/32
 46423 | Shoals:2 | Noticed Ilsuiw
 46914 | Shoals:2 | Reached XP level 16. HP: 76/76 MP: 26/33
 48196 | Shoals:3 | Learned a level 5 spell: Yara's Violent Unravelling
 48635 | Shoals:3 | Noticed Donald
 48652 | Shoals:3 | Killed Donald
 48831 | Shoals:3 | Identified Roxanne's Almanac of Changing
 48831 | Shoals:3 | Noticed Roxanne
 49559 | Shoals:4 | Entered Level 4 of the Shoals
 50025 | Shoals:4 | Reached skill level 5 in Transmutations
 50070 | Shoals:4 | Identified the +5 long sword of the Grey Skies {protect,
                  | Dex+3}
 50136 | Shoals:4 | Found a transporter.
 50139 | Shoals:4 | Found a transporter.
 50145 | Shoals:4 | Reached skill level 20 in Summonings
 50199 | Shoals:4 | Found a transporter.
 50208 | Shoals:4 | Found a transporter.
 50214 | Shoals:4 | Found a transporter.
 50217 | Shoals:4 | Found a transporter.
 51459 | Shoals:4 | Got a barnacled rune of Zot
 52104 | Spider:1 | Entered Level 1 of the Spider Nest
 53156 | Spider:1 | Reached skill level 15 in Dodging
 53175 | Spider:1 | Reached XP level 17. HP: 79/79 MP: 25/35
 54220 | Spider:2 | Found a frozen archway.
 54257 | IceCv    | Entered an ice cave
 55178 | IceCv    | Reached skill level 21 in Summonings
 55801 | IceCv    | Noticed an Ice Fiend
 55801 | IceCv    | Noticed an Ice Fiend
 56862 | Vaults:1 | Entered Level 1 of the Vaults
 59115 | Vaults:1 | Reached skill level 22 in Summonings
 59719 | Vaults:1 | Killed from afar by an ironbound thunderhulk
 59720 | Vaults:1 | Reached XP level 16. HP: -2/76 MP: 17/44
 60371 | D:13     | Learned a level 9 spell: Dragon's Call
 61337 | Spider:2 | Reached XP level 17. HP: 79/79 MP: 3/36
 64163 | Spider:3 | Reached skill level 23 in Summonings
 65139 | Spider:4 | Entered Level 4 of the Spider Nest
 65139 | Spider:4 | Noticed Louise
 65153 | Spider:4 | Killed Louise
 67437 | Spider:4 | Found a runed translucent gate.
 67437 | Spider:4 | Found a runed translucent gate.
 67438 | Spider:4 | Found a runed translucent gate.
 67440 | Spider:4 | Noticed Yorgos's ghost (adept GrBe)
 67635 | Spider:4 | Killed Yorgos's ghost
 69495 | Spider:4 | Reached skill level 24 in Summonings
 70000 | Spider:4 | Got a gossamer rune of Zot
 70784 | Vaults:1 | Reached XP level 18. HP: 24/84 MP: 31/37
 72479 | Vaults:1 | Reached skill level 25 in Summonings
 72881 | Vaults:2 | Reached skill level 1 in Unarmed Combat
 72924 | Vaults:2 | Identified the ring "Podo" {Will+ AC+4 Dex+4}
 73281 | Lair:2   | Bought a book of Air for 264 gold pieces
 73281 | Lair:2   | Bought the Volume of the Compass and Intoxication for 432
                  | gold pieces
 73286 | Lair:2   | Learned a level 4 spell: Airstrike
 74759 | Vaults:2 | Identified the +6 great mace of Desertification {vorpal,
                  | rElec rF- rC- Int+6}
 74855 | Vaults:2 | Killed from afar by a war gargoyle
 74856 | Vaults:2 | Reached XP level 17. HP: -41/79 MP: 34/45
 75596 | Vaults:2 | Found Ditoow's Weapon Shoppe.
 76100 | Vaults:2 | Found a staircase to the Crypt.
 76999 | Vaults:3 | Found Vasej's Weapon Boutique.
 77052 | Vaults:3 | Found a flickering gateway to a bazaar.
 77062 | Bazaar   | Entered a bazaar
 77064 | Bazaar   | Found Sewiunir's Book Boutique.
 77082 | Bazaar   | Found Etuparublegg's Weapon Boutique.
 77082 | Bazaar   | Found Mehin's General Store.
 77083 | Bazaar   | Found Yrhimpedgh's General Store.
 77088 | Bazaar   | Bought a potion of resistance for 160 gold pieces
 77088 | Bazaar   | Bought a scroll of blinking for 120 gold pieces
 77088 | Bazaar   | Bought a potion of might for 64 gold pieces
 77524 | Vaults:3 | Killed from afar by an ironbound thunderhulk

Illustrated notes

Levels and vault maps discovered:
D:1:      lemuel_arrival_muddy, layout_basic, serial_corexii_hall,
          corexii_hall_statues_i, corexii_hall_statues_deadend,
          corexii_hall_statues_t, corexii_hall_statues_s
D:2:      layout_basic
D:3:      layout_rooms, uniq_grinder
D:4:      layout_gridville, gup_sewer_entry_bubbles, kennysheep_donut
D:5:      layout_basic, mainiacjoe_overflow_big_doors, minmay_shop_grid_forest,
          uniq_eustachio, uniq_menkaure, uniq_blork_the_orc
D:6:      layout_basic, minmay_temple_entry_wispy
D:7:      layout_loops_ring, st_stairs_8
D:8:      layout_cave_pools, uniq_grum
D:9:      layout_loops_ring, gammafunk_ghost_smash,
          chequers_serial_rivers_micro_c, lightli_minifort, uniq_harold
D:10:     minmay_the_grid_four_pointed_star_mashed
          [minmay_the_grid_triangle_9x9_wacky_v,
          minmay_the_grid_triangle_9x9_shrine,
          minmay_the_grid_triangle_9x9_flanged_cone,
          minmay_the_grid_triangle_9x9_impossible_snake,
          minmay_the_grid_prize_four_corners_diamond_a], layout_gridville,
          ebering_ghost_xom, enter_trove_6, minmay_shop_mayhem, uniq_gastronok,
          uniq_josephine
D:11:     minmay_imperfect_grid, layout_irregular_city, lair_entry_dummy,
          orc_0_dummy
D:12:     layout_long_grid, uniq_jorgrun
D:13:     layout_basic, david_vaults_4, ebering_ghost_gozag, st_stairs_13,
          serial_park_tiny_pond, uniq_kirke, uniq_rupert
D:14:     layout_irregular_city, nicolae_tso_carved_into_rock, serial_shops,
          nicolae_square_shop, statue_in_the_mist_lemuel, uniq_nessos
D:15:     grunt_enter_depths_snipers, layout_rooms, good_gods_temple_1
Temple:   mainiacjoe_temple_cubbyholes
Lair:1:   layout_gridlike, special_room [special_room_bee],
          nicolae_quartered_pool_impasse, minmay_shattered_shrine,
          serial_bayou_shore_b
Lair:2:   layout_hall_layers, minmay_shoals_entry_beasts, dummy_spider_entry,
          cheibrodos_lair_reptile_den, uniq_sonja
Lair:3:   layout_regular_city, worms_lemuel, grunt_megastairs_1
Lair:4:   nzn_winding_woodlands_stair_trap
          [nzn_winding_woodlands_5x15_longhouse,
          nzn_winding_woodlands_5x15_pockets, nzn_winding_woodlands_5x15_parted,
          nzn_winding_woodlands_15x15_thick_spiral,
          nzn_winding_woodlands_5x15_jagged, nzn_winding_woodlands_5x15_cabin,
          nzn_winding_woodlands_5x15_eye], layout_regular_city,
          lemuel_fruit_tree
Lair:5:   layout_layer_cave, columned_hall_lemuel
Lair:6:   cheibrodos_lair_end_hotspot, layout_cave_shapes,
          minmay_slime_entry_jelly_boxes
Shoals:1: layout_shoals, nicolae_shoals_secluded_bog
Shoals:2: layout_shoals, serial_shops, nicolae_shop_statue_plus, uniq_ilsuiw
Shoals:3: layout_shoals, uniq_roxanne, uniq_donald
Shoals:4: shoals_end_simple, layout_shoals, serial_nicolae_subway,
          nicolae_sub_station_crystal, nicolae_sub_station_metal,
          nicolae_sub_station_stone
Spider:1: layout_spider_delve, nicolae_spider_webs_and_nodes, drop_trap
Spider:2: layout_cave_pods, portal_ice_cave_entry_ice_simulacra,
          einodemon_crawler_minivault
Spider:3: layout_chambers
Spider:4: grunt_spider_rune_circles, ebering_ghost_rock_garden,
          nicolae_spider_jagged_tunnels, uniq_louise
Orc:1:    layout_caves, enter_volcano_4, lightli_church_of_beogh
Orc:2:    grunt_orc_tribal_feast, layout_caves, gammafunk_ghost_stat_death,
          uniq_saint_roka
Vaults:1: portal_desolation_entry_nicolae_slug, nicolae_vaults_little_squares_5,
          nicolae_vaults_arrows, ontoclasm_vaults_ring_small,
          hangedman_vaults_corner_blocks, v_misc_8, vaults_room_large_hall,
          nicolae_vaults_little_squares_3, v_misc_5, hangedman_vaults_maws,
          vaults_room_stairs_pillars, nicolae_vaults_branching_niches,
          dpeg_vaults_monster_box, ontoclasm_vaults_twist,
          vaults_room_stairs_pillars, layout_vaults_omnicross
Vaults:2: vaults_standard_mumra_lines, hangedman_vaults_variations,
          minmay_crypt_entry_vampire_xt, nicolae_vaults_asterisk,
          hangedman_vaults_restitches, v_misc_9, st_quartered_hall,
          vaults_room_semicircle, vaults_room_fancy_cross,
          nicolae_vaults_ring_of_whatevers, layout_vaults_chaotic_city,
          serial_shops, nicolae_lakefront_shop
Vaults:3: nicolae_vaults_display_case, ontoclasm_vaults_idyll,
          nicolae_vaults_alarming, v_misc_28, vaults_mumra_chevron,
          ontoclasm_vaults_ring_square, v_misc_10, layout_vaults_omnigrid,
          serial_shops, bzr_entry_dummy, shop, nicolae_square_shop, uniq_xtahua

Skill      XL: |  1  2  3  4  5  6  7  8  9 10 11 12 13 14 15 16 17 18 |
---------------+-------------------------------------------------------+-----
Spellcasting   | 3 4 6 7 8 11 13 14 | 14.8
Summonings     | 5 6 7 9 11 13 14 15 16 17 18 20 24 25 | 25.0
Hexes          | 3 5 |  5.0
Air Magic      | 4 6 8 10 11 | 11.4
Dodging        | 3 7 9 11 12 15 | 15.7
Fighting       | 1 4 6 8 9 11 12 | 12.5
Translocations | 7 11 12 | 12.0
Transmutations | 6 7 |  7.7
Unarmed Combat | 3 2 |  3.4
Stealth        | |  2.6

Action                   |  1- 3 |  4- 6 |  7- 9 | 10-12 | 13-15 | 16-18 || total
-------------------------+-------+-------+-------+-------+-------+-------++-------
Melee: Unarmed           |    14 |    36 |    11 |     7 |    56 |    25 ||   149
       Bite              |     1 |     4 |       |       |    13 |     4 ||    22
 Cast: Summon Small Mamm |    40 |     9 |     2 |       |       |       ||    51
       Call Imp          |    22 |    25 |     1 |     1 |       |       ||    49
       Call Canine Famil |     3 |    40 |    51 |    72 |    69 |    14 ||   249
       Summon Guardian G |       |     1 |    16 |     6 |    27 |     3 ||    53
       Summon Lightning  |       |       |    13 |   107 |   158 |    77 ||   355
       Summon Hydra      |       |       |       |     2 |   116 |   580 ||   698
       Passage of Golubr |       |       |       |       |     6 |       ||     6
       Summon Forest     |       |       |       |       |    43 |    51 ||    94
       Dragon's Call     |       |       |       |       |       |    20 ||    20
       Dispersal         |       |       |       |       |       |     4 ||     4
       Yara's Violent Un |       |       |       |       |       |     3 ||     3
       Airstrike         |       |       |       |       |       |    12 ||    12
Invok: Call Merchant     |       |       |       |       |     3 |       ||     3
       Potion Petition   |       |       |       |       |     2 |     5 ||     7
Evoke: Wand              |       |       |     2 |     1 |     5 |     1 ||     9
  Use: Scroll            |     1 |     5 |     6 |     9 |    15 |     8 ||    44
       Potion            |       |       |       |     1 |     9 |    11 ||    21
 Stab: Distracted        |       |       |       |     1 |       |       ||     1
       Betrayed ally     |       |       |       |       |       |     3 ||     3
Armor: Skin              |     5 |    14 |    11 |     5 |    15 |    17 ||    67
Dodge: Dodged            |    49 |   121 |    90 |   140 |   686 |   857 ||  1943

Table legend: (Time is in decaauts)
 A = Elapsed time spent in this place.
 B = Non-inter-level travel time spent in this place.
 C = Inter-level travel time spent in this place.
 D = Time resting spent in this place.
 E = Time spent auto-exploring this place.
 F = Levels seen in this place.
 G = Mean time per level.
                   A        B        C        D        E       F      G
               +--------+--------+--------+--------+--------+-----+--------+
         Total |  70179 |  65769 |   4410 |  12291 |  34550 |  39 | 1799.5 |
       Dungeon |  22596 |  20306 |   2290 |   1454 |  12040 |  15 | 1506.4 |
        Temple |    240 |    208 |     32 |      0 |    179 |   1 |  240.0 |
          Lair |  14875 |  13816 |   1059 |   2285 |   7418 |   6 | 2479.2 |
        Shoals |   7103 |   6799 |    304 |   1624 |   3216 |   4 | 1775.8 |
   Spider Nest |  10459 |  10148 |    311 |   3138 |   5080 |   4 | 2614.8 |
  Orcish Mines |   2537 |   2442 |     95 |    646 |   1156 |   2 | 1268.5 |
        Vaults |   9044 |   8727 |    317 |   2648 |   3632 |   3 | 3014.7 |
        Bazaar |     40 |     40 |      0 |      0 |     29 |   1 |   40.0 |
         Sewer |   1176 |   1176 |      0 |      0 |    689 |   1 | 1176.0 |
      Ice Cave |   1518 |   1518 |      0 |    351 |    832 |   1 | 1518.0 |
       Volcano |    587 |    587 |      0 |    143 |    275 |   1 |  587.0 |
               +--------+--------+--------+--------+--------+-----+--------+

Top non-repeatable levels by time:
Vaults:1: 5285 daAuts
  Lair:2: 4208 daAuts
Spider:4: 3466 daAuts
Vaults:2: 3269 daAuts
    D:11: 3153 daAuts
Spider:3: 3140 daAuts
  Lair:4: 2990 daAuts
  Lair:6: 2716 daAuts
    D:13: 2404 daAuts
Spider:2: 2283 daAuts
    D:10: 2192 daAuts
  Lair:1: 2029 daAuts
     D:9: 1927 daAuts
Shoals:4: 1869 daAuts
Shoals:1: 1802 daAuts
